 Seeded DCSS version 0.29.1-2-gbd0b4ee654 (webtiles) character file.

Game seed: 19941 (custom seed)

57 Ashen the Firebug (level 3, -5/25 HPs)
             Began as a Demonspawn Fire Elementalist on Oct 28, 2022.
             Slain by a gnoll
             ... wielding a +0 whip
              (6 damage)
             ... on level 2 of the Dungeon.
             The game lasted 00:02:59 (1674 turns).

Ashen the Firebug (Demonspawn Fire Elementalist)    Turns: 1674, Time: 00:02:59

Health: -5/25      AC:  6    Str:  8    XL:     3   Next: 73%
Magic:  3/6        EV: 12    Int: 18    God:
Gold:   41         SH:  0    Dex: 13    Spells: 5/6 levels left

rFire   . . .      SeeInvis .   a - +1 dagger (flame)
rCold   . . .      Faith    .   (no shield)
rNeg    . . .      Spirit   .   f - +3 leather armour
rPois   .          Reflect  .   (no helmet)
rElec   .          Harm     .   (no cloak)
rCorr   .          Rampage  .   (no gloves)
Will    .....                   (no boots)
Stlth   ++........              (no amulet)
HPRegen 0.08/turn               (no ring)
MPRegen 0.10/turn               (no ring)

@: very slightly contaminated
A: sturdy frame 1, weakness stinger 1
a: no special abilities


You were on level 2 of the Dungeon.
You visited 1 branch of the dungeon, and saw 2 of its levels.

You collected 41 gold pieces.

Inventory:

Hand Weapons
 a - a +1 dagger of flaming (weapon)
 g - a +0 whip of freezing
Armour
 f - a +3 leather armour (worn)
Scrolls
 c - a scroll of magic mapping {unknown}
 d - 2 scrolls of identify {unknown}
 e - a scroll of amnesia {unknown}
 h - a scroll of noise {unknown}
Potions
 b - a potion of magic


   Skills:
 + Level 0.6 Fighting
 + Level 2.2 Dodging
 + Level 2.2 Stealth
 + Level 2.4 Spellcasting
 + Level 1.7 Conjurations
 + Level 3.0 Fire Magic


You had 5 spell levels left.
You knew the following spells:

 Your Spells              Type           Power      Damage    Failure   Level
a - Foxfire               Conj/Fire      40%        2x1d6     7%          1

Your spell library contained the following spells:

 Spells                   Type           Power      Damage    Failure   Level
 Scorch                   Fire           26%        2d6       8%          2
 Conjure Flame            Conj/Fire      10%        6-21      21%         3
 Inner Flame              Hex/Fire       7%         N/A       30%         3
 Flame Wave               Conj/Fire      10%        2d6       56%         4


Dungeon Overview and Level Annotations

Branches:
Dungeon (2/15)

Altars:

Shops:
D:1 ([*


Innate Abilities, Weirdness & Mutations

Your movements are slightly less encumbered by armour. (ER -2)
You have a small tail.


Message History

You barely miss the gnoll. The gnoll hits you but does no damage.
The gnoll hits you with a +0 spear. The gnoll closely misses you.
The gnoll misses you. The gnoll attacks as you move away!
The gnoll barely misses you.
You see here a throwing net.
The gnoll attacks as you move away! The gnoll completely misses you.
The gnoll attacks as you move away! The gnoll hits you with a +0 whip.
Casting: Foxfire (safe; 7% risk of failure)
Confirm with . or Enter, or press ? or * to list all spells.
Okay, then.
Sorry, you're not good enough to have a special ability.
The gnoll attacks as you move away! The gnoll closely misses you.
The gnoll attacks as you move away! The gnoll hits you with a +0 whip!
The gnoll attacks as you move away! The gnoll hits you with a +0 whip.
* * * LOW HITPOINT WARNING * * *
Okay, then.
Casting: Foxfire (safe; 7% risk of failure)
Confirm with . or Enter, or press ? or * to list all spells.
You conjure some foxfire!
The gnoll hits you but does no damage. The gnoll closely misses you.
Your foxfire dissipates!
The gnoll attacks as you move away! The gnoll barely misses you.
Casting: Foxfire (safe; 7% risk of failure)
Confirm with . or Enter, or press ? or * to list all spells.
You conjure some foxfire!
The gnoll hits you with a +0 whip.
* * * LOW HITPOINT WARNING * * *
The gnoll closely misses you.
The foxfire hits the gnoll.
The gnoll is moderately wounded.
The foxfire hits the gnoll.
The gnoll is severely wounded.
Casting: Foxfire (safe; 7% risk of failure)
Confirm with . or Enter, or press ? or * to list all spells.
You miscast Foxfire.
You are very lightly contaminated with residual magic.
Nothing appears to happen.
The gnoll hits you from afar with a +0 spear.
* * * LOW HITPOINT WARNING * * *
The gnoll hits you with a +0 whip.
You die...

#.# #.# #.#
#####.#######.##.#
#................#
#.###..########..#
#..# #..# #..####
#..# #.....# #..#
#.###.# #.@# #.#
#.#####g.# #.#
#........# #.
#..#####g# #. #..#
#g# #. #..# #l#
##. #..# #.# #...
#..# #.#
.....#..#####.#


You could see 3 gnolls and a frilled lizard.

Vanquished Creatures
  2 adders (D:2)
  2 dart slugs
  3 endoplasms
  A giant cockroach (D:1)
  3 goblins
  4 hobgoblins (D:1)
  3 kobolds (D:1)
  2 quokkas (D:1)
  2 ball pythons (D:1)
  4 bats
  3 frilled lizards
  5 rats
34 creatures vanquished.

Vanquished Creatures (others)
  61 foxfires
61 creatures vanquished.

Grand Total: 95 creatures vanquished

Notes
Turn   | Place    | Note
-------+----------+-------------------------------------------
     0 | D:1      | Ashen the Demonspawn Fire Elementalist began the quest for
                  | the Orb.
     0 | D:1      | Reached XP level 1. HP: 13/13 MP: 3/3
   203 | D:1      | Found Riotof's Antique Weapon Shop.
   256 | D:1      | Gained mutation: Your movements are slightly less
                  | encumbered by armour. (ER -2) [demonic ancestry]
   256 | D:1      | Reached XP level 2. HP: 13/19 MP: 0/5
   583 | D:1      | Found a faded altar of an unknown god.
  1087 | D:1      | Found Vypiut's Assorted Antiques.
  1096 | D:1      | Gained mutation: You have a small tail. [demonic ancestry]
  1096 | D:1      | Reached XP level 3. HP: 24/24 MP: 6/6
  1098 | D:1      | Found Marruhor's Antique Armour Shoppe.
  1415 | D:2      | Reached skill level 3 in Fire Magic
  1673 | D:2      | HP: 1/25 [gnoll/+0 spear (4)]
  1674 | D:2      | Slain by a gnoll

Illustrated notes

Levels and vault maps discovered:
D:1:      lightli_arrival_lavapool, layout_basic, serial_shops, shop_fountains,
          shop, nicolae_shop_trees,
          hellmonk_ecumenical_altar_pennies_from_heaven
D:2:      layout_loops_ring, minmay_hexomino_c4

Skill      XL: |  1  2  3 |
---------------+----------+-----
Stealth        | 2 |  2.2
Dodging        | 2 |  2.2
Fire Magic     | 3 |  3.0
Fighting       | |  0.6
Spellcasting   | |  2.4
Conjurations   | |  1.7

Action                   || total
-------------------------++-------
Melee: Unarmed           ||    12
       Dagger            ||    40
       Tailslap          ||     1
 Cast: Foxfire           ||    34
 Stab: Sleeping          ||     1
Armor: Leather armour    ||    30
       Robe              ||     1
Dodge: Dodged            ||    57
